 Dungeon Crawl Stone Soup version 0.31.0-11-ge490571c62 (webtiles) character file.

Game seed: 7924871171107511259

481 puppykicker the Grave Robber (level 7, -6/30 (34) HPs)
             Began as a Vine Stalker Necromancer on Jan 30, 2024.
             Mangled by an ogre
             ... wielding a +0 giant club
              (21 damage)
             ... on level 4 of the Dungeon.
             The game lasted 00:13:18 (2989 turns).

puppykicker the Grave Robber (VSNe)                 Turns: 2989, Time: 00:13:18

HP:   -6/30 (34)    AC:  3    Str: 11    XL:     7   Next: 12%
MP:   0/14          EV: 12    Int: 17    God:
Gold: 378           SH:  0    Dex: 14    Spells: 6/14 levels left

rFire   . . .        a - +2 short sword (speed)
rCold   . . .        (no shield)
rNeg    . . .        g - +0 robe
rPois   .            (no helmet)
rElec   .            j - scarf {+Inv}
rCorr   .            (no gloves)
SInv    .            h - +0 pair of boots
Will    .....        R - amulet of regeneration
Stlth   ++           (no ring)
HPRegen 1.85/turn    (no ring)
MPRegen 0.14/turn

%: guardian spirit
@: heavily drained
A: fangs 2, regeneration 1, magic shield, antimagic bite, no potion heal 2
a: Evoke Invisibility


You were on level 4 of the Dungeon.
You visited 1 branch of the dungeon, and saw 4 of its levels.
You also visited: Ossuary.

You collected 468 gold pieces.
You spent 90 gold pieces at shops.

Inventory:

Hand Weapons
 a - a +2 short sword of speed (weapon)
 b - a +3 dagger
Missiles
 p - 6 poisoned darts
 r - a throwing net (quivered)
Armour
 f - a +0 cloak
 g - a +0 robe (worn)
 h - a +0 pair of boots (worn)
 j - a scarf of invisibility (worn)
Jewellery
 R - an amulet of regeneration (around neck)
Scrolls
 d - a scroll of silence {unknown}
 e - a scroll of summoning {unknown}
 q - 3 scrolls of identify {unknown}
 s - a scroll of immolation {unknown}
 t - 2 scrolls of teleportation
 u - a scroll of fear {unknown}
Potions
 c - 2 potions of curing
 i - 2 potions of magic
 k - a potion of enlightenment {unknown}
 l - a potion of mutation {unknown}
 m - a potion of haste {unknown}
 n - a potion of brilliance {unknown}
 o - a potion of lignification {unknown}
 v - a potion of might {unknown}


   Skills:
 + Level 1.8 Fighting
 + Level 1.8 Short Blades
 - Level 1.5 Dodging
 - Level 2.4 Stealth
 + Level 4.2 Spellcasting
 * Level 6.6 Necromancy


You had 6 spell levels left.
You knew the following spells:

 Your Spells              Type           Power      Damage    Failure   Level
a - Necrotise             Necr           100%       1d9       1%          1
v - Vampiric Draining     Necr           26%        2d7       3%          3
z - Animate Dead          Necr           26%        N/A       10%         4

Your spell library contained the following spells:

 Spells                   Type           Power      Damage    Failure   Level
 Curse of Agony           Necr           26%        N/A       28%         5
 Dazzling Flash           Conj/Hex       6%         N/A       43%         3
 Volatile Blastmotes      Fire/Tloc      6%         2d10      43%         3
 Starburst                Conj/Fire      1%         6d3       100%        6
 Maxwell's Capacitive Co  Air            1%         ∞         100%        8


Dungeon Overview and Level Annotations

Branches:
Dungeon (4/15)            Ossuary (visited)
 Temple: D:4-7

Altars:
Zin
The Shining One

Shops:
D:2 (


Innate Abilities, Weirdness & Mutations

You have extremely sharp teeth.
Your natural rate of healing is unusually fast.
When hurt, damage is shared between your health and your magic reserves.
Your bite disrupts and absorbs the magic of your enemies.
Potions cannot restore your health.


Message History

u - a scroll labelled ANAGGI UBBARCHYU
v - an amethyst potion
There is a huge open translucent gate here.
There is a gate leading back out of this place here.
Welcome back to the Dungeon!
There is a collapsed entrance here.
Okay, then.
Okay, then.
There is an empty arch of ancient stone here.
Things that are here:
a +0 club; a goblin skeleton
There is a stone staircase leading up here.
Things that are here:
a +0 flail; an orc skeleton
Things that are here:
a +0 scale mail; a +0 hand axe
There is a stone staircase leading down here.
An ogre comes into view. It is wielding a +0 giant club.
The ogre shouts!
Okay, then.
Okay, then.
Unknown command.
Okay, then.
You feel drained.
You fail to use your ability.
You take 4 damage, and have 30/30 hp.
Unknown command.
The ogre hits you with a +0 giant club!!
Ouch! That really hurt!
* * * LOW HITPOINT WARNING * * *
You take 17 damage, and have 13/30 hp.
MASSIVE DAMAGE!!
You now have 6/14 mp.
You barely miss the ogre. You hit the ogre. You bite the ogre.
You drain its power.
You feel invigorated.
The ogre is lightly wounded.
The ogre hits you with a +0 giant club!!
* * * LOW MAGIC WARNING * * *
Ouch! That really hurt!
You die...

## .# # .## .# ..####
#.# #....## #..#
......## #..#
....#..## ..#
....##..# #####O#
....###.# #...@.#
##### #.# ###.#####
#.###...# ###..##.###
#....>..#
#.###############
#...............#
###############.#
#....#.....#.##[######


You could see an ogre.

Levels and vault maps discovered:
D:1:      sevenhm_arrival_forest_fort_large_4, layout_rooms
D:2:      layout_basic, serial_shops, shop, chequers_jeans,
          nicolae_grassy_gnolls
D:3:      layout_basic
D:4:      layout_basic, nicolae_tso_besieged_by_evil, zin_purify,
          gammafunk_temple_overflow_arena, chequers_ossuary_entry_cave,
          minmay_manual_monstrance

Notes
Turn   | Place    | Note
-------+----------+-------------------------------------------
     0 | D:1      | puppykicker the Vine Stalker Necromancer began the quest
                  | for the Orb.
     0 | D:1      | Reached XP level 1. HP: 9/9 MP: 4/4
    55 | D:1      | Identified a +0 cloak
    65 | D:1      | Identified a +0 short sword
   107 | D:1      | Identified a +2 short sword of speed
   133 | D:1      | Identified a +0 pair of boots
   181 | D:1      | Identified a +0 whip
   197 | D:1      | Reached XP level 2. HP: 9/13 MP: 1/6
   205 | D:1      | Identified a +3 dagger
   222 | D:1      | Identified a scarf of invisibility
   346 | D:1      | Identified a +0 club
   470 | D:1      | Identified an amulet of regeneration
   668 | D:2      | Reached XP level 3. HP: 16/16 MP: 8/8
   674 | D:2      | Learned a level 3 spell: Vampiric Draining
   693 | D:2      | Identified a +0 club
   693 | D:2      | Identified a +0 sling
   741 | D:2      | Identified a +0 dagger
   908 | D:2      | Identified a +0 whip
   942 | D:2      | Identified a +0 leather armour
  1154 | D:2      | Identified a +0 ring mail
  1326 | D:2      | Identified a +0 chain mail
  1329 | D:2      | Identified a +0 dagger
  1329 | D:2      | Identified a +0 leather armour
  1349 | D:2      | Found Xiacseux's Antique Weapon Emporium.
  1636 | D:2      | Identified a +0 mace
  1636 | D:2      | Identified a +0 spear
  1637 | D:2      | Identified a +0 flail
  1639 | D:2      | Identified a +0 spear
  1641 | D:2      | Reached skill level 3 in Spellcasting
  1641 | D:2      | Reached skill level 5 in Necromancy
  1641 | D:2      | Reached XP level 4. HP: 21/21 MP: 4/9
  1649 | D:2      | HP: 4/21 [gnoll/+0 flail (8)]
  1650 | D:2      | Identified a scroll of noise
  1651 | D:2      | Identified a scroll of fog
  1652 | D:2      | Identified a scroll of vulnerability
  1763 | D:3      | Identified a +0 club
  1776 | D:3      | Identified a +0 ring mail
  1858 | D:3      | Identified a +0 dagger
  1902 | D:3      | Identified a +0 halberd
  1996 | D:3      | Identified a +0 club
  2144 | D:4      | Identified a +0 halberd
  2144 | D:4      | Identified a +0 club
  2146 | D:4      | Identified a +0 club
  2149 | D:4      | Reached XP level 5. HP: 24/24 MP: 11/11
  2189 | D:4      | Found Zin's Purification Station.
  2192 | D:4      | Found a glowing silver altar of Zin.
  2198 | D:4      | Bought a potion of curing for 90 gold pieces
  2262 | D:4      | Found a glowing golden altar of the Shining One.
  2362 | D:4      | Identified a +0 dagger
  2372 | D:4      | Noticed a steam dragon
  2372 | D:4      | Identified a +0 club
  2384 | D:4      | Identified 3 scrolls of teleportation
  2396 | D:4      | Identified a +0 club
  2495 | D:4      | Identified a +0 whip
  2497 | D:4      | Identified a +0 hand axe
  2497 | D:4      | Identified a +0 scale mail
  2497 | D:4      | Identified a +0 dagger
  2522 | D:4      | Identified a +0 flail
  2556 | D:4      | Identified a +0 club
  2574 | D:4      | Found a sand-covered staircase.
  2599 | D:4      | Reached skill level 6 in Necromancy
  2599 | D:4      | Reached XP level 6. HP: 17/29 MP: 3/12
  2667 | Ossuary  | Entered an ossuary
  2667 | Ossuary  | Found a huge runed translucent gate.
  2667 | Ossuary  | Found a huge runed translucent gate.
  2667 | Ossuary  | Found a huge runed translucent gate.
  2667 | Ossuary  | Found a huge runed translucent gate.
  2667 | Ossuary  | Found a huge runed translucent gate.
  2667 | Ossuary  | Found a huge runed translucent gate.
  2667 | Ossuary  | Found a huge runed translucent gate.
  2667 | Ossuary  | Found a huge runed translucent gate.
  2668 | Ossuary  | Found a huge runed translucent gate.
  2668 | Ossuary  | Found a huge runed translucent gate.
  2668 | Ossuary  | Found a huge runed translucent gate.
  2669 | Ossuary  | Found a huge runed translucent gate.
  2669 | Ossuary  | Found a huge runed translucent gate.
  2670 | Ossuary  | Identified a +0 dagger
  2670 | Ossuary  | Identified a +0 robe
  2671 | Ossuary  | Found a huge runed translucent gate.
  2671 | Ossuary  | Found a huge runed translucent gate.
  2683 | Ossuary  | Reached skill level 1 in Fighting
  2683 | Ossuary  | Reached skill level 1 in Short Blades
  2704 | Ossuary  | Found a huge runed translucent gate.
  2704 | Ossuary  | Found a huge runed translucent gate.
  2704 | Ossuary  | Found a huge runed translucent gate.
  2704 | Ossuary  | Found a huge runed translucent gate.
  2704 | Ossuary  | Found a huge runed translucent gate.
  2705 | Ossuary  | Found a huge runed translucent gate.
  2713 | Ossuary  | Reached skill level 4 in Spellcasting
  2713 | Ossuary  | Found a huge runed translucent gate.
  2714 | Ossuary  | Found a huge runed translucent gate.
  2714 | Ossuary  | Found a huge runed translucent gate.
  2715 | Ossuary  | Found a huge runed translucent gate.
  2715 | Ossuary  | Found a huge runed translucent gate.
  2716 | Ossuary  | Found a huge runed translucent gate.
  2716 | Ossuary  | Found a huge runed translucent gate.
  2727 | Ossuary  | Learned a level 4 spell: Animate Dead
  2729 | Ossuary  | Found a huge runed translucent gate.
  2729 | Ossuary  | Found a huge runed translucent gate.
  2759 | Ossuary  | Found a huge runed translucent gate.
  2759 | Ossuary  | Found a huge runed translucent gate.
  2759 | Ossuary  | Found a huge runed translucent gate.
  2759 | Ossuary  | Found a huge runed translucent gate.
  2759 | Ossuary  | Found a huge runed translucent gate.
  2762 | Ossuary  | Identified a +0 dagger
  2762 | Ossuary  | Identified a +0 robe
  2802 | Ossuary  | Reached XP level 7. HP: 34/34 MP: 14/14
  2982 | D:4      | Identified a +0 giant club
  2989 | D:4      | Mangled by an ogre

Table legend: (Time is in decaauts)
 A = Elapsed time spent in this place.
 B = Non-inter-level travel time spent in this place.
 C = Inter-level travel time spent in this place.
 D = Time resting spent in this place.
 E = Time spent auto-exploring this place.
 F = Levels seen in this place.
 G = Mean time per level.
                   A        B        C        D        E       F      G
               +--------+--------+--------+--------+--------+-----+--------+
         Total |   2882 |   2809 |     73 |    168 |   1753 |   5 |  576.4 |
       Dungeon |   2700 |   2627 |     73 |    168 |   1753 |   4 |  675.0 |
       Ossuary |    182 |    182 |      0 |      0 |      0 |   1 |  182.0 |
               +--------+--------+--------+--------+--------+-----+--------+

Top non-repeatable levels by time:
     D:2: 1070 daAuts
     D:1: 653 daAuts
     D:4: 589 daAuts
     D:3: 387 daAuts
 Ossuary: 182 daAuts

Table legend:
 A = Kills in this place as a percentage of kills in the entire game.
 B = Kills by you in this place as a percentage of kills by you in the entire game.
 C = Kills by friends in this place as a percentage of kills by friends in the entire game.
 D = Other kills in this place as a percentage of other kills in the entire game.
 E = Experience gained in this place as a percentage of experience gained in the entire game.
 F = Experience gained in this place divided by the number of levels of this place that you have seen.
                   A       B       C       D       E      F
               +-------+-------+-------+-------+-------+----------------------
         Total | 100.0 | 100.0 |   N/A |   N/A | 100.0 | 137.6
       Dungeon |  89.0 |  89.0 |   N/A |   N/A |  49.0 |  84.2
       Ossuary |  11.0 |  11.0 |   N/A |   N/A |  51.0 | 351.0
               +-------+-------+-------+-------+-------+----------------------

Skill      XL: |  1  2  3  4  5  6 |
---------------+-------------------+-----
Spellcasting   | 3 4 |  4.2
Necromancy     | 5 6 |  6.6
Fighting       | 1 |  1.8
Short Blades   | 1 |  1.8
Dodging        | |  1.5
Stealth        | |  2.4

Action                     |  1- 3 |  4- 6 |  7- 9 || total
---------------------------+-------+-------+-------++-------
  Melee: Short sword       |    61 |   226 |    16 ||   303
         Bite              |    18 |    76 |     8 ||   102
         Punch             |     1 |     2 |       ||     3
  Throw: Throwing net      |       |     1 |       ||     1
   Cast: Necrotise         |     8 |    11 |       ||    19
    Use: Scroll            |       |     4 |       ||     4
   Stab: Sleeping          |     4 |     8 |       ||    12
         Distracted        |     1 |       |       ||     1
         Held in net/web   |       |     1 |       ||     1
 Armour: Robe              |    31 |    88 |     5 ||   124
  Dodge: Dodged            |    23 |   100 |     3 ||   126

Vanquished Creatures
  2 burial acolytes (Ossuary)
  A human zombie (Ossuary)
  2 centaur zombies (Ossuary)
  A hound (D:4)
  An iguana (D:4)
  A hound zombie (Ossuary)
  2 mummies (Ossuary)
  A howler monkey zombie (Ossuary)
  3 adders
  8 gnolls
  A white imp (D:4)
  A dart slug (D:3)
  A ribbon worm (D:2)
  3 orcs (D:4)
  3 bats
  4 endoplasms
  A giant cockroach (D:1)
  5 hobgoblins
  4 kobolds
  4 quokkas
  3 ball pythons
  5 frilled lizards
  9 goblins
  A goblin skeleton (D:4)
  A goblin zombie (D:4)
  5 hobgoblin zombies (D:4)
  A kobold skeleton (D:4)
  A kobold zombie (D:4)
  2 orc skeletons (D:4)
  3 orc zombies (D:4)
  2 rats (D:1)
82 creatures vanquished.

Vanquished Creatures (others)
  An orc (D:4)
  A hobgoblin (D:4)
2 creatures vanquished.

Grand Total: 84 creatures vanquished
